 Dungeon Crawl Stone Soup version 0.20-a0-1089-g3fde505 (webtiles) character file.

4863 relicbr the Summoner (level 10, 0/77 HPs)
             Began as a Merfolk Summoner on May 3, 2017.
             Was an Elder of Sif Muna.
             Slain by a wyvern (9 damage)
             ... on level 2 of the Lair of Beasts.
             The game lasted 01:05:08 (15686 turns).

relicbr the Summoner (Merfolk Summoner)            Turns: 15686, Time: 01:05:09

Health: 0/77       AC:  8    Str: 10    XL:     10   Next: 50%
Magic:  4/15       EV: 13    Int: 17    God:    Sif Muna [****..]
Gold:   585        SH:  0    Dex: 16    Spells: 2/15 levels left

rFire    . . .     SeeInvis .   t - +0 whip (freeze)
rCold    + . .     Gourm    .   (no shield)
rNeg     . . .     Faith    .   B - +2 robe {MR+}
rPois    .         Spirit   .   J - +2 hat
rElec    .         Reflect  .   v - +0 cloak
rCorr    .         Harm     .   g - +0 pair of gloves
MR       +....                  (no boots)
Stlth    ++........             (no amulet)
Regen    0.3/turn               j - +2 ring of strength
MPRegen  0.2/turn               s - ring of protection from cold

@: no status effects
A: change form in water, swift swim, stealthy swim
a: Divine Energy, Channel Magic, Forget Spell, Renounce Religion


You were on level 2 of the Lair of Beasts.
You worshipped Sif Muna.
Sif Muna was greatly pleased with you.
You were not hungry.

You visited 2 branches of the dungeon, and saw 11 of its levels.

You collected 585 gold pieces.

Inventory:

Hand Weapons
 t - a +0 whip of freezing (weapon)
Armour
 g - a +0 pair of gloves (worn)
 v - a +0 cloak (worn)
 B - a +2 robe of magic resistance (worn)
 J - a +2 hat (worn)
Jewellery
 j - a +2 ring of strength (left hand)
 s - a ring of protection from cold (right hand)
Wands
 m - a wand of lightning (5/15)
 n - a wand of confusion (19/48)
 o - a wand of digging (0/24)
 A - a wand of iceblast (3/15)
 D - a wand of iceblast (6/15)
 F - a wand of iceblast (5/15)
Scrolls
 d - 2 scrolls of fear
 i - a scroll of remove curse
 u - a scroll of recharging {unknown}
 x - a scroll of enchant weapon
 H - a scroll of fog {unknown}
Potions
 a - a potion of mutation
 k - 3 potions of agility
 p - a potion of brilliance
 q - a potion of cancellation
 r - a potion of invisibility
 z - a potion of flight
 E - a potion of haste {unknown}
Books
 b - a book of Callings

   Spells                             Type                      Level
   a - Summon Small Mammal            Summoning                    1
   b - Call Imp                       Summoning                    2
   c - Call Canine Familiar           Summoning                    3
   d - Summon Guardian Golem          Hexes/Summoning              3
   e - Summon Lightning Spire         Summoning/Air                4
   f - Summon Ice Beast               Ice/Summoning                4
 G - a book of Frost

   Spells                             Type                      Level
   a - Freeze                         Ice                          1
   b - Throw Frost                    Conjuration/Ice              2
   c - Ozocubu's Armour               Charms/Ice                   3
   d - Throw Icicle                   Conjuration/Ice              4
   e - Summon Ice Beast               Ice/Summoning                4
 I - a book of Beasts

   Spells                             Type                      Level
   a - Summon Butterflies             Summoning                    1
   b - Call Canine Familiar           Summoning                    3
   c - Summon Ice Beast               Ice/Summoning                4
   d - Summon Mana Viper              Hexes/Summoning              5
   e - Summon Hydra                   Summoning                    7
Comestibles
 c - 3 bread rations
 f - 3 meat rations
 l - 6 royal jellies


   Skills:
 - Level 6.4 Fighting
 - Level 2.6 Dodging
 - Level 2.1 Stealth
 - Level 3.4 Spellcasting
 * Level 2.1 Hexes
 - Level 10.3 Summonings
 - Level 6.0 Ice Magic
 - Level 6.0 Air Magic


You had 2 spell levels left.
You knew the following spells:

 Your Spells              Type           Power        Failure   Level  Hunger
b - Call Imp              Summ           #####...     1%          2    ##.....
c - Summon Guardian Gole  Hex/Summ       ###.....     3%          3    ###....
d - Summon Lightning Spi  Summ/Air       ####....     5%          4    ####...
e - Summon Ice Beast      Ice/Summ       ####....     5%          4    ####...


Dungeon Overview and Level Annotations

Branches:
Dungeon (9/15)             Temple (0/1) D:6            Lair (2/6) D:8
 Shoals (0/4) Lair:2
  Snake: Lair:2-4    Spider: Lair:2-4       Orc: D:9-12

Altars:
Cheibriados
Dithmenos
Gozag
Hepliaklqana
Kikubaaqudgha
Ru
Sif Muna
Vehumet
Yredelemnul
The Shining One

Annotations:
Lair:2 Erica


Message History

The rime drake bites your guardian golem.
The wyvern misses you.
The rime drake bites your guardian golem.
The wyvern bites you but does no damage.
The rime drake bites your guardian golem.
You hit the wyvern. You freeze the wyvern.
The wyvern is moderately wounded.
The wyvern bites you.
* * * LOW HITPOINT WARNING * * *
The rime drake bites your guardian golem but does no damage.
The wyvern bites you!
* * * LOW HITPOINT WARNING * * *
The rime drake bites your guardian golem but does no damage.
The rime drake bites your guardian golem but does no damage.
The wyvern barely misses you.
The rime drake bites your guardian golem but does no damage. x2
The rime drake bites your guardian golem but does no damage.
The wyvern hisses menacingly.
The wyvern bites you!
You die...

#...#..#.....?...
##..#<......##..#
##.#..#.........
#.)............
#...........>..
#..............
##..k...........
#..[8...........
##...@......♣♣P♣
##...l..♣♣♣♣P.♣P
#.......♣ ♣♣♣
#.......♣♣
##.......♣
#........♣
#.........♣
#.#........♣
##.......♣♣♣


You could see a rime drake, a wyvern and a friendly guardian golem (inner
flame).

Vanquished Creatures
  A hydra (Lair:1)
  A centaur zombie (D:8)
  A troll (D:8)
  Prince Ribbit (D:8)
  A porcupine (Lair:2)
  The ghost of fearitself the Ruffian, an amateur VSTm (D:4)
  A centaur (D:8)
  A bullfrog (D:8)
  A hound (D:6)
  An orc wizard (D:3)
  4 worker ants
  2 hound skeletons (D:5)
  A worker ant zombie (D:5)
  5 adders
  2 oozes (D:5)
  An adder zombie (D:5)
  2 worms
  A dart slug (D:1)
  3 leopard geckos
  8 orcs
  8 bats
  2 giant cockroaches
  4 hobgoblins
  11 jackals
  4 quokkas
  3 frilled lizards
  7 goblins
  7 kobolds
  6 rats
91 creatures vanquished.

Vanquished Creatures (collateral kills)
  A two-headed ogre (D:8)
  An elephant (Lair:1)
  Psyche (D:8)
  3 spiny frogs
  A hornet (D:8)
  A hippogriff (Lair:1)
  A wyvern (Lair:1)
  2 yaks (Lair:1)
  2 soldier ants (D:8)
  3 orc warriors
  3 porcupines
  An ice beast (D:8)
  2 sky beasts
  A phantom (D:6)
  A slave (D:5)
  An ogre (D:7)
  A centaur (D:5)
  A crocodile (Lair:1)
  8 bullfrogs
  A scorpion (Lair:2)
  A crimson imp (D:5)
  A bullfrog zombie (D:8)
  A centaur zombie (D:8)
  6 orc wizards
  5 orc priests
  4 hounds
  2 iguanas
  7 worker ants
  3 hound zombies
  2 hound skeletons
  2 worker ant zombies
  3 adders
  A shadow imp (D:7)
  An ooze (D:2)
  An adder skeleton (D:8)
  A dart slug (D:5)
  A worm (D:4)
  2 leopard geckos
  16 orcs
  2 bats (D:2)
  2 giant cockroaches (D:2)
  3 goblins (D:2)
  2 hobgoblins
  6 jackals
  A ball python (D:4)
  A kobold (D:2)
  A fungus (D:8)
114 creatures vanquished.

Vanquished Creatures (others)
  Pikel (D:5)
  A komodo dragon (Lair:1)
  2 yaks (Lair:1)
  A basilisk (Lair:1)
  A human (D:4)
  8 fungi
  3 plants (Lair:1)
17 creatures vanquished.

Grand Total: 222 creatures vanquished

Notes
Turn   | Place    | Note
-------+----------+-------------------------------------------
     0 | D:1      | relicbr the Merfolk Summoner began the quest for the Orb.
     0 | D:1      | Reached XP level 1. HP: 13/13 MP: 3/3
   297 | D:1      | Reached XP level 2. HP: 19/19 MP: 5/5
   301 | D:1      | Learned a level 2 spell: Call Imp
  1573 | D:2      | Reached XP level 3. HP: 21/24 MP: 1/6
  1638 | D:2      | Reached skill level 5 in Summonings
  2063 | D:2      | Found a shadowy altar of Dithmenos.
  2064 | D:2      | Found a hazy altar of Hepliaklqana.
  2064 | D:2      | Found a basalt altar of Yredelemnul.
  2065 | D:2      | Found a deep blue altar of Sif Muna.
  2077 | D:2      | Became a worshipper of Sif Muna the Loreminder
  2259 | D:2      | Found a sacrificial altar of Ru.
  2505 | D:3      | Reached XP level 4. HP: 22/30 MP: 4/7
  2683 | D:3      | Reached skill level 6 in Summonings
  2970 | D:3      | Reached XP level 5. HP: 35/35 MP: 8/8
  2989 | D:3      | Reached * piety under Sif Muna
  3361 | D:4      | Learned a level 3 spell: Summon Guardian Golem
  3753 | D:4      | Found an ancient bone altar of Kikubaaqudgha.
  3756 | D:4      | Noticed a human
  3758 | D:4      | Killed a human
  4290 | D:4      | Found an opulent altar of Gozag.
  4387 | D:4      | Reached skill level 7 in Summonings
  4599 | D:4      | Reached XP level 6. HP: 41/41 MP: 2/9
  4649 | D:4      | Noticed fearitself's ghost (amateur VSTm)
  4660 | D:5      | Entered Level 5 of the Dungeon
  5011 | D:5      | Found a snail-covered altar of Cheibriados.
  5151 | D:5      | Noticed a sky beast
  5183 | D:5      | Killed a sky beast
  5187 | D:5      | HP: 2/41 [orc priest/falchion (2)]
  5546 | D:5      | Reached skill level 8 in Summonings
  5710 | D:5      | Reached XP level 7. HP: 37/46 MP: 7/10
  5735 | D:5      | Learned a level 4 spell: Summon Lightning Spire
  6058 | D:5      | Noticed Pikel
  6120 | D:5      | Killed Pikel
  6275 | D:5      | Reached skill level 9 in Summonings
  6883 | D:4      | Reached ** piety under Sif Muna
  7034 | D:4      | Killed fearitself's ghost
  7198 | D:6      | Reached XP level 8. HP: 32/52 MP: 5/11
  7317 | D:6      | Found a staircase to the Ecumenical Temple.
  8021 | D:6      | Reached skill level 10 in Summonings
  8860 | D:7      | Reached skill level 1 in Air Magic
  9001 | D:7      | Found a radiant altar of Vehumet.
  9538 | D:7      | Found a glowing golden altar of the Shining One.
 10175 | D:8      | Noticed Psyche
 10190 | D:8      | Killed Psyche
 10190 | D:8      | Reached *** piety under Sif Muna
 10305 | D:8      | Reached XP level 9. HP: 22/57 MP: 1/12
 10558 | D:8      | Reached skill level 5 in Air Magic
 10704 | D:8      | Noticed a troll
 11065 | D:8      | Killed a troll
 11183 | D:8      | Noticed Prince Ribbit
 11474 | D:8      | Found a staircase to the Lair.
 11995 | D:8      | Killed Prince Ribbit
 12229 | D:8      | Noticed a hornet
 12253 | D:8      | Killed a hornet
 12540 | D:8      | Noticed a two-headed ogre
 12554 | D:8      | Killed a two-headed ogre
 12554 | D:8      | Reached skill level 5 in Fighting
 13017 | Lair:1   | Entered Level 1 of the Lair of Beasts
 13027 | Lair:1   | Noticed a spiny frog
 13039 | Lair:1   | Killed a spiny frog
 13039 | Lair:1   | Reached **** piety under Sif Muna
 13118 | Lair:1   | Reached XP level 10. HP: 31/77 MP: 6/14
 13243 | Lair:1   | Learned a level 4 spell: Summon Ice Beast
 13332 | Lair:1   | Noticed a spiny frog
 13348 | Lair:1   | Killed a spiny frog
 13560 | Lair:1   | Noticed a six-headed hydra
 13780 | Lair:1   | Killed a six-headed hydra
 14567 | Lair:1   | Reached skill level 5 in Ice Magic
 14990 | Lair:1   | Noticed an elephant
 14992 | Lair:1   | Noticed an elephant
 14998 | Lair:1   | Noticed an elephant
 15001 | Lair:1   | Noticed an elephant
 15007 | Lair:1   | Killed an elephant
 15425 | Lair:2   | Noticed a spiny frog
 15434 | Lair:2   | Killed a spiny frog
 15434 | Lair:2   | Reached skill level 1 in Hexes
 15557 | Lair:2   | Noticed a manticore
 15558 | Lair:2   | Found a staircase to the Shoals.
 15562 | Lair:2   | Noticed a spiny frog
 15574 | Lair:2   | Noticed Erica
 15686 | Lair:2   | Slain by a wyvern

Vault maps used:
D:1:      minmay_arrival_stair_chambers
D:2:      chequers_temple_overflow_statue_of_worship, nicolae_ru_path_of_blood
D:3:      first_bread, minmay_crystal_water
D:4:      nicolae_gozag_seed_capital, tgw_kikubaaqudgha
D:5:      marbit_many_paths, kennysheep_decorative_pillar, uniq_pikel
D:6:      minmay_temple_entry_water_ring, dk_vineyard_3, grunt_decor_fettered
D:7:      lemuel_crystal_altar, nicolae_overflow_crystal_walls
D:8:      grunt_lair_entry_orc_guard_hut, hangedman_pestilent_swarm,
          feat_on_display, uniq_psyche, uniq_prince_ribbit1
D:9:      serial_shops, nicolae_shop_stone
Lair:1:   basic_altar
Lair:2:   wad_woods_structure_01, minmay_shoals_entry_beasts, minivault_24,
          uniq_erica

Skill      XL: |  1  2  3  4  5  6  7  8  9 10 |
---------------+-------------------------------+-----
Summonings     | 5 6 7 8 9 10 | 10.3
Air Magic      | 4 6 |  6.0
Fighting       | 6 |  6.4
Spellcasting   | 3 |  3.4
Ice Magic      | 6 |  6.0
Hexes          | 2 |  2.1
Dodging        | |  2.6
Stealth        | |  2.1

Action                   |  1- 3 |  4- 6 |  7- 9 | 10-12 || total
-------------------------+-------+-------+-------+-------++-------
Melee: Spear             |   143 |   185 |    28 |       ||   356
       Whip              |       |       |   302 |    64 ||   366
 Cast: Summon Small Mamm |     1 |       |       |       ||     1
       Call Imp          |    16 |    37 |    77 |    14 ||   144
       Summon Guardian G |       |     1 |    27 |    15 ||    43
       Summon Lightning  |       |       |    30 |    11 ||    41
       Summon Ice Beast  |       |       |       |    15 ||    15
Invok: Forget Spell      |       |       |       |     1 ||     1
Evoke: Wand              |       |       |     3 |     8 ||    11
  Use: Scroll            |     4 |     3 |     8 |     8 ||    23
       Potion            |       |       |     2 |     2 ||     4
 Stab: Sleeping          |     2 |    11 |     6 |       ||    19
       Distracted        |       |     4 |     4 |     1 ||     9
  Eat: Royal jelly       |     1 |       |       |     5 ||     6
       Chunk             |     4 |    13 |    27 |     5 ||    49
       Fruit             |       |       |    15 |       ||    15
Armor: Robe              |    26 |    23 |    87 |    28 ||   164
Dodge: Dodged            |    97 |    93 |   264 |    91 ||   545
